 Dungeon Crawl Stone Soup version 0.31-a0-246-g8cbcc1cb85 (webtiles) character file.

Game seed: 17878076271262035251

34 Nietzsche the Cutter (level 3, 0/27 HPs)
             Began as a Vampire Reaver on July 12, 2023.
             Slain by a frilled lizard (3 damage)
             ... on level 2 of the Dungeon.
             The game lasted 00:03:17 (1006 turns).

Nietzsche the Cutter (Vampire Reaver)               Turns: 1006, Time: 00:03:17

Health: 0/27       AC:  3    Str:  8 (11) XL:     3   Next: 14%
Magic:  15/15      EV: 11    Int: 14 (17) God:
Gold:   8          SH:  0    Dex:  9 (12) Spells: 5/6 levels left

rFire   . . .        a - +0 short sword
rCold   . . .        e - orb {mayhem}
rNeg    . . .        b - +0 leather armour
rPois   .            (no helmet)
rElec   .            (no cloak)
rCorr   .            (no gloves)
SInv    +            (no boots)
Will    .....        (no amulet)
Stlth   +            q - ring of magical power
HPRegen 0.44/turn    (no ring)
MPRegen 0.14/turn

%: mayhem
@: lethally poisoned (0 -> -4), healing quickly
A: alive, fangs 3, see invisible, vampiric 2
a: Exsanguinate


You were on level 2 of the Dungeon.
You visited 1 branch of the dungeon, and saw 2 of its levels.

You collected 8 gold pieces.

Inventory:

Hand Weapons
 a - a +0 short sword (weapon)
Armour
 b - a +0 leather armour (worn)
 e - an orb of mayhem (worn)
Magical Staves
 i - a staff of cold
 o - a staff of fire
Jewellery
 f - a ring of resist corrosion
 q - a ring of magical power (left hand)
Scrolls
 c - a scroll of immolation {unknown}
 d - 2 scrolls of teleportation {unknown}
 j - a scroll of enchant weapon {unknown}
 k - 2 scrolls of poison {unknown}
 n - a scroll of noise {unknown}
Potions
 h - a potion of heal wounds {unknown}
 l - a potion of invisibility {unknown}
 m - a potion of haste {unknown}
 p - a potion of cancellation {unknown}


   Skills:
 + Level 1.9 Fighting
 + Level 3.9 Short Blades
 + Level 0.4 Armour
 + Level 2.4 Dodging
 * Level 0.9 Stealth
 + Level 2.0 Spellcasting
 + Level 2.4 Conjurations


You had 5 spell levels left.
You knew the following spells:

 Your Spells              Type           Power      Damage    Failure   Level
a - Kiss of Death         Conj/Necr      16%        2d6       21%         1

Your spell library contained the following spells:

 Spells                   Type           Power      Damage    Failure   Level
 Momentum Strike          Conj/Tloc      8%         3d8       30%         2
 Hailstorm                Conj/Ice       4%         3d4       52%         3
 Frozen Ramparts          Ice            2%         1d1       69%         3
 Petrify                  Tmut/Erth      1%         N/A       97%         4
 Metabolic Englaciation   Hex/Ice        0%         N/A       100%        5


Dungeon Overview and Level Annotations

Branches:
Dungeon (2/15)

Altars:


Innate Abilities, Weirdness & Mutations

Your natural rate of healing is accelerated.
You have razor-sharp teeth.
You have supernaturally acute eyesight. (SInv)
You are afflicted with vampirism and can become a bat while bloodless.


Message History

The hobgoblin is almost dead.
The hobgoblin hits you.
You hit the hobgoblin.
You kill the hobgoblin!
Items here: ( ))) †††.
Okay, then.
You now have 8 gold pieces.
k - 2 scrolls labelled BIEQELOIBU (gained 1)
A frilled lizard comes into view.
You open the door.
An adder comes into view.
The frilled lizard hisses angrily.
The adder hisses angrily.
The adder closely misses you.
You hit the adder but do no damage. The adder bites you.
The adder attacks as you move away! The adder bites you.
You hit the adder but do no damage. The adder bites you.
You are poisoned.
The adder poisons you!
You barely miss the adder.
You feel sick. The adder bites you.
The frilled lizard unfolds its giant frill.
You closely miss the adder.
You feel sick. The adder bites you.
You hit the adder.
The adder is heavily wounded.
You feel sick.
The frilled lizard completely misses you.
The adder bites you.
* * * LOW HITPOINT WARNING * * *
You are lethally poisoned!
The adder poisons you! The adder attacks as you move away!
The adder bites you but does no damage.
* * * LOW HITPOINT WARNING * * *
You feel sick.
* * * LOW HITPOINT WARNING * * *
You feel sick. The adder barely misses you.
It was a potion of degeneration.
There was something very wrong with that liquid.
You feel weakened.
You feel dopey.
You feel clumsy.
* * * LOW HITPOINT WARNING * * *
You feel sick. The frilled lizard bites you.
You die...

#.# #.### #...
#..####### #
#........#.###
#......#......
##
#......'......
..
#...l..##.#...
#. #..@S..# ..
.. #.#<.### .
#.###......#
#...)......#
#####......#
.......##
#........#
#.........#
#..........#


You could see an adder and a frilled lizard.

Vanquished Creatures
  A dart slug (D:1)
  3 endoplasms (D:1)
  A giant cockroach (D:1)
  2 hobgoblins
  7 jackals
  2 ball pythons (D:1)
  2 bats (D:1)
  5 frilled lizards (D:1)
  A goblin (D:2)
  2 kobolds
  5 rats (D:1)
31 creatures vanquished.

Vanquished Creatures (collateral kills)
  A jackal (D:1)
1 creature vanquished.

Grand Total: 32 creatures vanquished

Notes
Turn   | Place    | Note
-------+----------+-------------------------------------------
     0 | D:1      | Nietzsche the Vampire Reaver began the quest for the Orb.
     0 | D:1      | Reached XP level 1. HP: 16/16 MP: 3/3
   139 | D:1      | Reached XP level 2. HP: 13/22 MP: 5/5
   667 | D:1      | Found a faded altar of an unknown god.
   953 | D:2      | Gained mutation: You are afflicted with vampirism and can
                  | become a bat while bloodless. [Vampire growth]
   953 | D:2      | Reached XP level 3. HP: 21/27 MP: 6/6
  1006 | D:2      | Slain by a frilled lizard

Illustrated notes

Levels and vault maps discovered:
D:1:      minmay_arrival_nine_rooms, layout_basic,
          shapermc_ecumenical_altar_notcrosses
D:2:      layout_basic, minmay_vboxes, uniq_terence

Action                     || total
---------------------------++-------
  Melee: Short sword       ||   112
         Bite              ||    14
    Use: Potion            ||     1
   Stab: Sleeping          ||     1
 Armour: Leather armour    ||    37
  Dodge: Dodged            ||    68

Table legend: (Time is in decaauts)
 A = Elapsed time spent in this place.
 B = Non-inter-level travel time spent in this place.
 C = Inter-level travel time spent in this place.
 D = Time resting spent in this place.
 E = Time spent auto-exploring this place.
 F = Levels seen in this place.
 G = Mean time per level.
                   A        B        C        D        E       F      G
               +--------+--------+--------+--------+--------+-----+--------+
         Total |    985 |    965 |     20 |      0 |    693 |   2 |  492.5 |
       Dungeon |    985 |    965 |     20 |      0 |    693 |   2 |  492.5 |
               +--------+--------+--------+--------+--------+-----+--------+

Top non-repeatable levels by time:
     D:1: 929 daAuts
     D:2: 56 daAuts
